 Dungeon Crawl Stone Soup version 0.28-a0-1235-g7c8fac35f0 (webtiles) character file.

Game seed: 14405337317440514176

779 Zonian the Ducker (level 7, -30/54 HPs)
             Began as a Merfolk Transmuter on Dec 24, 2021.
             Was a Priest of Lugonu.
             Annihilated by a two-headed ogre (32 damage)
             ... on level 6 of the Dungeon.
             The game lasted 00:11:20 (6869 turns).

Zonian the Ducker (Merfolk Transmuter)              Turns: 6869, Time: 00:11:20

Health: -30/54     AC:  2    Str: 10    XL:     7   Next: 85%
Magic:  9/12       EV: 14    Int: 15    God:    Lugonu [***...]
Gold:   159        SH:  0    Dex: 14    Spells: 7/13 levels left

rFire   . . .      SeeInvis .   h - +2 hand axe (distort)
rCold   . . .      Faith    .   (no shield)
rNeg    . . .      Spirit   .   a - +0 robe
rPois   .          Reflect  .   (helmet currently unavailable)
rElec   .          Harm     .   (no cloak)
rCorr   .          Rampage  .   (no gloves)
Will    .....                   (boots currently unavailable)
Stlth   ++........              (no amulet)
HPRegen 0.18/turn               (no ring)
MPRegen 0.13/turn               (no ring)

@: appendages, wereblooded
A: horns 2, (nimble swimmer 2), mertail
a: End Transformation, Renounce Religion, Depart the Abyss, Bend Space, Banish


You were on level 6 of the Dungeon.
You worshipped Lugonu.
Lugonu was most pleased with you.
You had temporarily grown beastly horns.
You visited 1 branch of the dungeon, and saw 6 of its levels.
You also visited: Sewer.

You collected 224 gold pieces.
You spent 65 gold pieces at shops.

Inventory:

Hand Weapons
 b - a +0 whip
 c - a +1 short sword of draining
 h - a +2 hand axe of distortion (weapon)
 m - a +0 hunting sling
 s - a +3 dagger
 t - a +0 hunting sling
 u - a +4 flail
 A - a +3 rapier of electrocution
 D - a +2 glaive of venom
Missiles
 e - 3 curare-tipped darts
 g - 68 poisoned darts
 G - a throwing net
 H - 20 sling bullets
Armour
 a - a +0 robe (worn)
 k - a +0 pair of gloves
 r - a +2 scale mail of cold resistance
Magical Staves
 o - a staff of earth
Jewellery
 B - a ring of willpower
Wands
 p - a wand of polymorph (11)
 y - a wand of charming (9)
 C - a wand of mindburst (23)
Scrolls
 l - 3 scrolls of identify
 n - 3 scrolls of teleportation
 v - 2 scrolls of magic mapping
 x - 2 scrolls of enchant weapon
Potions
 d - a potion of heal wounds
 f - 2 potions of degeneration
 i - 2 potions of lignification
 j - 4 potions of curing
 q - 2 potions of might
 w - 2 potions of haste
 z - a potion of cancellation {unknown}
 E - a potion of attraction {unknown}


   Skills:
 + Level 4.0 Fighting
 - Level 0.3 Short Blades
 + Level 2.2 Axes
 + Level 5.5 Dodging
 + Level 0.9 Stealth
 - Level 3.7 Unarmed Combat
 + Level 3.9 Spellcasting
 + Level 5.4 Transmutations
 + Level 0.6 Poison Magic
 + Level 0.6 Invocations


You had 7 spell levels left.
You knew the following spells:

 Your Spells              Type           Power      Damage    Failure   Level
a - Beastly Appendage     Tmut           38%        N/A       1%          1
b - Wereblood             Tmut           19%        N/A       3%          2
c - Spider Form           Tmut/Pois      12%        N/A       16%         3

Your spell library contained the following spells:

 Spells                   Type           Power      Damage    Failure   Level
 Animate Skeleton         Necr           4%         N/A       19%         1
 Apportation              Tloc           4%         N/A       19%         1
 Magic Dart               Conj           8%         1d3       19%         1
 Summon Small Mammal      Summ           8%         N/A       19%         1
 Searing Ray              Conj           4%         2d4       28%         2
 Blade Hands              Tmut           9%         N/A       47%         5
 Portal Projectile        Hex/Tloc       4%         N/A       50%         3
 Ice Form                 Ice/Tmut       11%        N/A       52%         4
 Fulminant Prism          Conj/Hex       1%         3d6       88%         4
 Excruciating Wounds      Necr           1%         N/A       99%         5


Dungeon Overview and Level Annotations

Branches:
Dungeon (6/15)              Sewer (visited)
 Temple: D:4-7

Altars:
Gozag
Lugonu

Shops:
D:2 (   D:3 !


Innate Abilities, Weirdness & Mutations

You have temporarily grown beastly horns.
((You are very nimble when in or above water. (Stealth+, EV+, Speed+++)))
Your lower body shifts to a powerful aquatic tail in water.


Message History

A two-headed ogre comes into view. It is wielding two +0 giant clubs.
The two-headed ogre shouts in stereo!
You miss the hound. Your headbutt misses the hound. The hound bites you.
A jelly comes into view.
The hound barely misses you.
You closely miss the hound. The hound misses you.
You miss the hound. Your headbutt misses the hound.
The hound barely misses you. The hound bites you.
You hit the hound.
The hound is lightly wounded.
The hound blinks!
Unknown command.
Space bends around you!
You blink.
A scorpion comes into view.
Found a book of Armaments.
Unknown command.
Found a scroll of torment.
Space bends around you!
You blink.
Unknown command.
Okay, then.
Casting: Beastly Appendage (safe; 1% risk of failure)
Confirm with . or Enter, or press ? or * to list all spells.
Your blood is infused with primal strength.
The hound closely misses you. The hound barely misses you.
Unknown command.
You hit the hound.
The hound is lightly wounded.
The hound blinks!
You closely miss the two-headed ogre.
Your headbutt misses the two-headed ogre.
The two-headed ogre barely misses you.
The two-headed ogre hits you with a +0 giant club!!
Ouch! That really hurt!
Unknown command.
You barely miss the two-headed ogre.
The two-headed ogre hits you with a +0 giant club!!
* * * LOW HITPOINT WARNING * * *
The two-headed ogre hits you with a +0 giant club!!
Ouch! That really hurt!
You die...

##### ..... ... ...
#.# #.# #@# #O#
######J# #...<#h###
#.####...#
#....'...# .. #
######...# ....
....####...###.:...
.................s.


You could see a two-headed ogre, a hound and a jelly.

Vanquished Creatures
  Eustachio (D:4)
  A necrophage (D:4)
  A phantom (D:4)
  An orc priest (D:5)
  2 hounds
  2 iguanas
  An orc wizard (D:3)
  Natasha (twice) (D:4)
  A hell rat (Sewer)
  A gnoll (D:2)
  2 adders
  2 river rats
  An ufetubus (D:5)
  A worm (D:2)
  2 dart slugs
  9 orcs
  17 ball pythons
  6 bats
  6 endoplasms
  6 giant cockroaches
  4 goblins
  12 hobgoblins
  11 jackals (D:1)
  2 quokkas
  A frilled lizard (D:3)
  5 kobolds
  18 rats
118 creatures vanquished.

Vanquished Creatures (others)
  A fungus (D:2)
  A plant (D:2)
2 creatures vanquished.

Grand Total: 120 creatures vanquished

Notes
Turn   | Place    | Note
-------+----------+-------------------------------------------
     0 | D:1      | Zonian the Merfolk Transmuter began the quest for the Orb.
     0 | D:1      | Reached XP level 1. HP: 15/15 MP: 3/3
   351 | D:1      | Reached XP level 2. HP: 18/21 MP: 3/5
   916 | D:1      | Reached XP level 3. HP: 22/26 MP: 4/6
  1727 | D:2      | Found Cymyxzaa's Antique Weapon Shop.
  1950 | D:2      | Reached XP level 4. HP: 28/32 MP: 7/7
  2061 | D:2      | Learned a level 2 spell: Wereblood
  2917 | D:2      | Found a faded altar of an unknown god.
  2926 | D:2      | Prayed at the altar of an unknown god.
  2926 | D:2      | Became a worshipper of Lugonu the Unformed
  2926 | D:2      | Reached * piety under Lugonu
  2926 | D:2      | Reached ** piety under Lugonu
  3261 | D:3      | Reached XP level 5. HP: 39/39 MP: 7/9
  3718 | D:3      | Found Wergh's Distillery.
  3725 | D:3      | Bought a potion of heal wounds for 65 gold pieces
  4333 | D:4      | Noticed a necrophage
  4651 | D:4      | Found an opulent altar of Gozag.
  4668 | D:4      | Killed a necrophage
  4669 | D:4      | Reached skill level 1 in Axes
  4669 | D:4      | Reached XP level 6. HP: 38/47 MP: 8/10
  4797 | D:4      | Found a glowing drain.
  4806 | Sewer    | Entered a sewer
  5271 | Sewer    | Reached *** piety under Lugonu
  5645 | D:4      | Noticed Eustachio
  5661 | D:4      | Noticed Natasha
  5666 | D:4      | Killed Natasha
  5667 | D:4      | Reached XP level 7. HP: 41/52 MP: 10/12
  5689 | D:4      | Killed Eustachio
  5690 | D:4      | Reached skill level 5 in Dodging
  5690 | D:4      | Reached skill level 5 in Transmutations
  5755 | D:4      | Noticed Natasha
  5761 | D:4      | Killed Natasha
  6133 | D:5      | Entered Level 5 of the Dungeon
  6144 | D:5      | Learned a level 3 spell: Spider Form
  6852 | D:6      | Noticed a two-headed ogre
  6869 | D:6      | HP: 2/54 [two-headed ogre (21)]
  6869 | D:6      | Annihilated by a two-headed ogre

Illustrated notes

Levels and vault maps discovered:
D:1:      saegor_arrival_simple_a, layout_loops_ring
D:2:      layout_loops_ring, shapermc_ecumenical_altar_petra, serial_shops,
          nicolae_shop_behind_doors, minmay_increasing_density
D:3:      layout_loops_corners, serial_shops, nicolae_shop_crystal
D:4:      layout_loops_ring, kennysheep_mini, portal_sewer_entry_e, minivault_4,
          uniq_eustachio, uniq_natasha
D:5:      layout_cave_pools, st_stairs_3
D:6:      layout_basic, minivault_22, minmay_misc_feat_pillars

Skill      XL: |  1  2  3  4  5  6  7 |
---------------+----------------------+-----
Dodging        | 3 4 5 |  5.5
Transmutations | 3 4 5 |  5.4
Fighting       | 2 3 4 |  4.0
Spellcasting   | 3 |  3.9
Axes           | 1 2 |  2.2
Short Blades   | |  0.3
Stealth        | |  0.9
Unarmed Combat | |  3.7
Poison Magic   | |  0.6
Invocations    | |  0.6

Action                   |  1- 3 |  4- 6 |  7- 9 || total
-------------------------+-------+-------+-------++-------
Melee: Unarmed           |    85 |       |       ||    85
       Headbutt          |    14 |     3 |     3 ||    20
       Punch             |     2 |     3 |       ||     5
       Short sword       |    50 |    39 |       ||    89
       Hand axe          |       |   100 |    41 ||   141
       Tailslap          |       |     4 |       ||     4
 Cast: Beastly Appendage |    27 |    25 |    11 ||    63
       Wereblood         |       |     1 |     2 ||     3
Invok: Bend Space        |       |       |     2 ||     2
  Use: Potion            |     2 |     2 |       ||     4
       Scroll            |       |     4 |     5 ||     9
 Stab: Sleeping          |     3 |     1 |       ||     4
Armor: Robe              |    21 |    15 |       ||    36
Dodge: Dodged            |    94 |   108 |    36 ||   238

Table legend: (Time is in decaauts)
 A = Elapsed time spent in this place.
 B = Non-inter-level travel time spent in this place.
 C = Inter-level travel time spent in this place.
 D = Time resting spent in this place.
 E = Time spent auto-exploring this place.
 F = Levels seen in this place.
 G = Mean time per level.
                   A        B        C        D        E       F      G
               +--------+--------+--------+--------+--------+-----+--------+
         Total |   6887 |   6728 |    159 |   1739 |   3855 |   7 |  983.9 |
       Dungeon |   6366 |   6207 |    159 |   1304 |   3855 |   6 | 1061.0 |
         Sewer |    520 |    520 |      0 |    435 |      0 |   1 |  520.0 |
               +--------+--------+--------+--------+--------+-----+--------+

Top non-repeatable levels by time:
     D:1: 1935 daAuts
     D:3: 1386 daAuts
     D:2: 1222 daAuts
     D:4: 1082 daAuts
     D:5: 708 daAuts
   Sewer: 520 daAuts
     D:6: 31 daAuts
